 Dungeon Crawl Stone Soup version 0.27-a0-223-ge082b6e869 (webtiles) character file.

Game seed: 5810468683254505998

58 KristoblXynda the Skirmisher (level 3, -1/33 HPs)
             Began as a Draconian Fighter on Feb 1, 2021.
             Slain by a goblin
             ... wielding a +0 club
             ... led by Robin
              (3 damage)
             ... on level 1 of the Dungeon.
             The game lasted 00:01:50 (1655 turns).

KristoblXynda the Skirmisher (Draconian Fighter)    Turns: 1655, Time: 00:01:51

Health: -1/33      AC:  5    Str: 18    XL:     3   Next: 75%
Magic:  3/3        EV: 10    Int:  9    God:
Gold:   70         SH:  9    Dex: 10    Spells: 2/2 levels left

rFire    . . .     SeeInvis .   a - +0 long sword
rCold    . . .     Faith    .   b - +0 kite shield
rNeg     . . .     Spirit   .   (armour unavailable)
rPois    .         Reflect  .   (helmet restricted)
rElec    .         Harm     .   (no cloak)
rCorr    .         Rampage  .   (no gloves)
Will     .....                  (no boots)
Stlth    +.........             (no amulet)
HPRegen  0.11/turn              (no ring)
MPRegen  0.08/turn              (no ring)

@: no status effects
A: unfitting armour, cold-blooded, AC +5
a: no special abilities


You were on level 1 of the Dungeon.
You visited 1 branch of the dungeon, and saw 2 of its levels.

You collected 70 gold pieces.

Inventory:

Hand Weapons
 a - a +0 long sword (weapon)
Armour
 b - a +0 kite shield (worn)
Scrolls
 d - 2 scrolls of identify {unknown}
 e - 3 scrolls of enchant weapon {unknown}
 f - a scroll of random uselessness {unknown}
 g - a scroll of immolation {unknown}
 k - a scroll of remove curse {unknown}
Potions
 c - a potion of might
 h - a potion of brilliance {unknown}
 i - a potion of mutation {unknown}
 j - a potion of curing
 l - a potion of magic {unknown}


   Skills:
 + Level 3.8 Fighting
 + Level 2.6 Long Blades
 + Level 3.2 Dodging
 + Level 3.4 Shields


You had 2 spell levels left.
You didn't know any spells.
Your spell library was empty.

Dungeon Overview and Level Annotations

Branches:
Dungeon (2/15)

Altars:

Annotations:
D:2 Robin


Innate Abilities, Weirdness & Mutations

Your plain brown scales are hard. (AC +5)
You cannot fit into any form of body armour.
You are cold-blooded and may be slowed by cold attacks.


Message History

You tail-slap the goblin, but do no damage.
The goblin is moderately wounded.
You closely miss the hobgoblin.
The hobgoblin is heavily wounded.
You block the hobgoblin's attack. The goblin hits you but does no damage.
The hobgoblin closely misses you.
You riposte.
You slash the hobgoblin!
You kill the hobgoblin!
You slash the goblin!
You kill the goblin!
You closely miss the goblin.
Your tail-slap misses the goblin.
The goblin hits you with a +0 club. x2
* * * LOW HITPOINT WARNING * * *
You hit the goblin.
Your tail-slap misses the goblin.
The goblin is heavily wounded.
The goblin hits you with a +0 club.
* * * LOW HITPOINT WARNING * * *
You closely miss the goblin.
The goblin is heavily wounded.
The goblin hits you with a +0 club.
You die...

###.##### ##### #.......# ....###
### ######.#####.##### ......#
##.## #...##.# #..)... #####.#
##.#.###.#....# #.#####
#)..#.###.###.#.....#.# #.#
#...#..#.## ##.#####..#####.#
#...#...#.###.#)###.#.......#
.###.##..#.#.###@#.####.##### ###
#...#)#...#.## ##g#####.## #..
#...##.##...########.....# #.#
..#...#.#......# #≈≈)...## #.#
..##..##.##.##.# #...≈≈..# #.#
..###...#.#.##.# ##..≈≈≈≈## #..
..####).###.#..# ##.......## #..
...###.........####.........###..
..................'.........'....


You could see a goblin.

Vanquished Creatures
  An adder (D:2)
  A dart slug (D:1)
  A giant cockroach (D:1)
  11 goblins
  8 hobgoblins
  A ball python (D:1)
  6 bats
  5 frilled lizards
  5 kobolds
  5 rats
44 creatures vanquished.

Notes
Turn   | Place    | Note
-------+----------+-------------------------------------------
     0 | D:1      | KristoblXynda the Draconian Fighter began the quest for the
                  | Orb.
     0 | D:1      | Reached XP level 1. HP: 19/19 MP: 1/1
   208 | D:1      | Reached XP level 2. HP: 26/26 MP: 2/2
   996 | D:1      | Reached XP level 3. HP: 33/33 MP: 3/3
  1405 | D:2      | Noticed Robin
  1655 | D:1      | Slain by a goblin

Illustrated notes

Levels and vault maps discovered:
D:1:      ncdulo_halloftheorcs, layout_loops_corners,
          chequers_serial_rivers_micro_c, minmay_vboxes
D:2:      layout_rooms, lemuel_crystal_altar, chequers_avenue,
          minmay_tetromino_s4, uniq_robin

Skill      XL: |  1  2 |
---------------+-------+-----
Dodging        | 3 |  3.2
Fighting       | |  3.8
Long Blades    | |  2.6
Shields        | |  3.4

Action                   || total
-------------------------++-------
Melee: Long sword        ||   133
       Tailslap          ||    15
  Use: Potion            ||     1
Armor: Skin              ||    65
Dodge: Dodged            ||    96
Block: Kite shield       ||    98
       Rpst.: Long sword ||    22

Table legend: (Time is in decaauts)
 A = Elapsed time spent in this place.
 B = Non-inter-level travel time spent in this place.
 C = Inter-level travel time spent in this place.
 D = Time resting spent in this place.
 E = Time spent auto-exploring this place.
 F = Levels seen in this place.
 G = Mean time per level.
                   A        B        C        D        E       F      G
               +--------+--------+--------+--------+--------+-----+--------+
         Total |   1725 |   1638 |     87 |    375 |    897 |   2 |  862.5 |
       Dungeon |   1725 |   1638 |     87 |    375 |    897 |   2 |  862.5 |
               +--------+--------+--------+--------+--------+-----+--------+

Top non-repeatable levels by time:
     D:1: 1496 daAuts
     D:2: 228 daAuts
